[Event "18th Aeroflot Open-A 2020"]
[Site "Moscow"]
[Date "2020.02.23"]
[Round "5.38"]
[White "Stupak, Kirill"]
[Black "Badelka, Olga"]
[Result "0-1"]
[ECO "A04"]
[WhiteElo "2518"]
[BlackElo "2404"]
[Annotator "RC"]
[PlyCount "80"]
[EventDate "2020.02.19"]
[EventType "swiss"]
[EventCountry "RUS"]
[SourceTitle "playchess.com"]
[Source "ChessBase"]
[SourceQuality "1"]
[TimeControl "40/6000+30:20/3000+30:900+30"]

1. Nf3 c5 2. c4 g6 3. d4 Bg7 4. d5 d6 5. g3 e6 6. Nc3 Ne7 7. Bg2 O-O 8. O-O a6 9. a4 e5 10. Ne1 f5 11. Nd3 Nd7 12. e4 Nf6 13. f4 fxe4 14. Nxe4 Nxe4 15. Bxe4 exf4 16. Nxf4 Qa5 17. Ra3 Qb4 18. Qb3 g5 19. Ng2 Bf5 20. Bxf5 Nxf5 21. Qxb4 cxb4 22. Raf3 Nd4 23. Rxf8+ Rxf8 24. Rxf8+ Kxf8 25. Kf2 Nb3 26. Bxg5 Bxb2 27. Nf4 Na5 28. Ke2 b3 29. Kd3 Be5 30. Ne6+ Ke8 31. Bc1 b2 32. Bxb2 Bxb2 33. c5 Ke7 34. Ke4 dxc5 35. Nxc5 Kd6 36. Ne6 Nb3 37. Ng5 Nc5+ 38. Kf5 h5 39. Kg6 Kxd5 40. Kxh5 Nxa4 0-1

[Event "18th Aeroflot Open-A 2020"]
[Site "Moscow"]
[Date "2020.02.23"]
[Round "5.39"]
[White "Buksa, Nataliya"]
[Black "Raja Harshit"]
[Result "1/2-1/2"]
[ECO "B90"]
[WhiteElo "2403"]
[BlackElo "2472"]
[Annotator "ChessBase"]
[PlyCount "56"]
[EventDate "2020.02.19"]
[EventType "swiss"]
[EventCountry "RUS"]
[SourceTitle "playchess.com"]
[Source "ChessBase"]
[SourceQuality "1"]
[TimeControl "40/6000+30:20/3000+30:900+30"]

1. e4 c5 2. Nf3 d6 3. d4 cxd4 4. Nxd4 Nf6 5. Nc3 a6 6. Bd3 e5 7. Nde2 Be7 8. O-O Be6 9. f4 O-O 10. a4 Qc7 11. Kh1 Nbd7 12. f5 Bc4 13. b3 d5 14. exd5 Bxd5 15. Nxd5 Nxd5 16. Ng3 N7f6 17. c4 Nb4 18. Be4 Rad8 19. Qe2 Nxe4 20. Nxe4 f6 21. Ba3 Nc6 22. Bxe7 Qxe7 23. c5 Qf7 24. Nd6 Qd5 25. b4 Nd4 26. Qd2 Rd7 27. a5 g6 28. Ra3 g5 1/2-1/2